AoeStats
← NachoFries4886

African Clearing

510346622Analyzed
3v3 RM · 1d ago on Sep 30, 2026· 56m 33s· 6 players
Game mode
Random Map
Map size
Normal (6 player)
Population
200
Speed
Normal
Resources
Standard
Victory
Conquest
Starting age
Dark Age
Ending age
Imperial Age
RankedLock teamsTeams togetherTeam positionsShared explorationLock speedFull tech treeHidden civsTurbo modeCheats
Victory
Defeat
🇪🇸 Vietnamese · Spain
958
+14
🇨🇿 Ethiopians · Czechia
941
+15
🇫🇷 Koreans · France
920
+16
🇧🇷 Tupi · Brazil
948
-16
🇺🇸 Huns · United States
928
-15
🇲🇽 Malay · Mexico
890
-14
Helios
4:15 Loom
14:33 Feudal Age
15:16 Double-Bit Axe
19:29 Gold Mining
24:09 Castle Age
23:31 Fletching
23:44 Padded Archer Armor
24:11 Crossbowman
27:28 Wheelbarrow
27:07 Thumb Ring
27:47 Horse Collar
30:13 Hand Cart
31:28 Town Watch
33:21 Bow Saw
38:50 Imperial Age
39:11 Leather Archer Armor
38:51 Bodkin Arrow
39:01 Arbalester
40:43 Ring Archer Armor
40:13 Murder Holes
40:52 Ballistics
41:33 Chemistry
42:32 Masonry
42:31 Siege Engineers
43:20 Stone Mining
43:00 Elite Rattan Archer
43:44 Chatras
52:02 Elite Skirmisher
53:18 Imperial Skirmisher
55:59 Two-Man Saw
55:02 Town Patrol
amorcz
4:43 Loom
15:27 Feudal Age
16:44 Double-Bit Axe
21:59 Fletching
27:32 Castle Age
25:47 Padded Archer Armor
27:31 Wheelbarrow
26:52 Gold Mining
27:40 Stone Mining
27:50 Crossbowman
28:55 Bow Saw
29:02 Bodkin Arrow
29:14 Town Watch
30:51 Forging
30:50 Light Cavalry
31:50 Thumb Ring
33:13 Squires
34:08 Fervor
35:08 Ballistics
36:38 Hand Cart
41:49 Imperial Age
40:55 Horse Collar
41:18 Murder Holes
41:33 Masonry
41:27 Town Patrol
42:09 Iron Casting
42:44 Arbalester
44:29 Chemistry
44:13 Heavy Plow
46:05 Two-Man Saw
46:05 Hussar
46:54 Heavy Camel Rider
48:02 Husbandry
49:00 Gold Shaft Mining
48:28 Bracer
48:35 Scale Barding Armor
50:59 Blast Furnace
50:31 Siege Engineers
53:14 Chain Barding Armor
chazychaz
11:22 Loom
14:33 Feudal Age
15:06 Double-Bit Axe
15:39 Horse Collar
20:14 Town Watch
21:08 Wheelbarrow
23:27 Castle Age
23:12 Stone Mining
25:32 Fletching
25:44 Husbandry
26:48 Stone Shaft Mining
26:56 Gold Mining
27:51 Hand Cart
28:47 Gold Shaft Mining
28:47 Bodkin Arrow
35:14 Scale Mail Armor
35:25 Forging
35:20 Pikeman
36:02 Squires
37:04 Ballistics
36:40 Murder Holes
36:25 Treadmill Crane
36:56 Masonry
37:50 Chain Mail Armor
40:32 Bow Saw
40:23 Heavy Plow
41:08 Iron Casting
41:38 Herbal Medicine
44:15 Imperial Age
42:25 Caravan
44:25 Eupseong
45:03 Bracer
45:34 Plate Mail Armor
45:39 Conscription
44:40 Elite War Wagon
46:28 Architecture
47:00 Chemistry
45:51 Arrowslits
48:10 Siege Engineers
49:06 Heavy Rocket Cart
50:48 Shinkichon
53:20 Scale Barding Armor
53:10 Elite Skirmisher
54:09 Guilds
53:53 Cavalier
53:55 Light Cavalry
55:11 Hussar
56:33 Chain Barding Armor
57:36 Two-Man Saw
56:00 Imperial Skirmisher
56:46 Thumb Ring
NachoFries4886
3:45 Loom
14:57 Feudal Age
15:52 Double-Bit Axe
19:54 Castle Age
18:14 Stone Mining
36:30 Scale Barding Armor
40:52 Chain Barding Armor
41:18 Scale Mail Armor
43:53 Chain Mail Armor
43:48 Forging
44:54 Horse Collar
45:51 Wheelbarrow
45:02 Town Watch
45:41 Heavy Plow
46:57 Iron Casting
50:15 Imperial Age
47:46 Elite Skirmisher
48:33 Thumb Ring
49:51 Gold Mining
50:58 Padded Archer Armor
50:48 Fletching
51:34 Plate Barding Armor
52:02 Parthian Tactics
52:30 Leather Archer Armor
52:10 Bodkin Arrow
53:16 Blast Furnace
54:20 Chemistry
53:52 Ballistics
54:40 Bow Saw
55:20 Town Patrol
LV Chris R7
5:38 Loom
15:45 Feudal Age
15:29 Double-Bit Axe
24:21 Castle Age
22:02 Man-at-Arms
22:27 Arson
24:02 Horse Collar
28:35 Wheelbarrow
29:17 Bow Saw
29:58 Husbandry
30:36 Heavy Plow
42:13 Imperial Age
40:45 Fletching
45:37 Hand Cart
47:35 Onager
Vemnimim
4:16 Loom
16:26 Feudal Age
21:49 Castle Age
20:02 Double-Bit Axe
20:08 Champi Runner
21:00 Gold Mining
21:11 Stone Mining
21:04 Horse Collar
21:35 Arson
22:18 Pikeman
22:20 Champi Warrior
23:05 Squires
23:27 Heavy Plow
28:09 Wheelbarrow
27:20 Town Watch
32:12 Town Patrol
36:26 Imperial Age
35:06 Hand Cart
35:13 Bow Saw
36:43 Gold Shaft Mining
36:34 Caravan
37:30 Conscription
37:20 Caciques
37:52 Hoardings
37:29 Elite Champi Warrior
40:51 Forging
40:43 Scale Mail Armor
40:59 Fletching
42:21 Two-Man Saw
42:44 Halberdier
46:22 Chemistry
45:43 Ballistics
45:04 Treadmill Crane
46:36 Iron Casting
46:16 Chain Mail Armor
Connection lost

Rejoining the realm…

Still unreachable

The connection could not be restored.

Session expired

The server has moved on; the page needs a fresh start.